 Dungeon Crawl Stone Soup version 0.31-a0-1499-ge0622b2318 (webtiles) character file.

Game seed: 6402305112567097977

108 grandjackal the Changeling (level 4, -2/26 HPs)
             Began as a Merfolk Shapeshifter on Dec 29, 2023.
             Slain by a ribbon worm (6 damage)
             ... on level 4 of the Dungeon.
             The game lasted 00:02:09 (1752 turns).

grandjackal the Changeling (Merfolk Shapeshifter)   Turns: 1752, Time: 00:02:10

Health: -2/26      AC:  0    Str: 14    XL:     4   Next: 87%
Magic:  4/4        EV: 17    Int:  9    God:
Gold:   109        SH:  0    Dex: 15    Spells: 3/3 levels left

rFire   . .          .
                       - Unarmed
rCold   . . .        (shield currently unavailable)
rNeg    . . .        a - melded +0 animal skin
rPois   .            (no helmet)
rElec   .            (no cloak)
rCorr   .            (no gloves)
SInv    .            (no boots)
Will    .....        (no amulet)
Stlth   +            (no ring)
HPRegen 0.24/turn    (no ring)
MPRegen 0.09/turn

%: no passive effects
@: flux-form, glowing
A: glow, contaminating, reduced hp, (nimble swimmer 2), mertail
a: Begin Untransformation


You were on level 4 of the Dungeon.
You were something dangerously unstable.
You visited 1 branch of the dungeon, and saw 3 of its levels.

You collected 109 gold pieces.

Inventory:

Armour
 a - a +0 animal skin (melded)
Jewellery
 o - an amulet of faith
Talismans
 c - a beast talisman
 d - a flux talisman (active)
Scrolls
 e - 4 scrolls of identify {unknown}
 h - 2 scrolls of fog {unknown}
 l - a scroll of noise {unknown}
 m - a scroll of amnesia {unknown}
 p - 2 scrolls of enchant armour {unknown}
 q - a scroll of butterflies {unknown}
 r - a scroll of teleportation {unknown}
Potions
 b - a potion of lignification
 f - 2 potions of brilliance {unknown}
 g - 2 potions of haste {unknown}
 i - 2 potions of curing {unknown}
 j - a potion of heal wounds {unknown}
 k - a potion of degeneration {unknown}
 n - 3 potions of might {unknown}


   Skills:
 + Level 2.5 Fighting
 + Level 3.9 Dodging
 + Level 4.1 Unarmed Combat
 + Level 4.8 Shapeshifting


You had 3 spell levels left.
You didn't know any spells.
Your spell library contained the following spells:

 Spells                   Type           Power      Damage    Failure   Level
 Dazzling Flash           Conj/Hex       0%         N/A       77%         3
 Hailstorm                Conj/Ice       0%         3d5       77%         3
 Summon Ice Beast         Ice/Summ       0%         N/A       77%         3
 Volatile Blastmotes      Fire/Tloc      0%         2d10      77%         3
 Sculpt Simulacrum        Ice/Alch       0%         N/A       100%        6
 Starburst                Conj/Fire      0%         6d3       100%        6
 Maxwell's Capacitive Co  Air            0%         ∞         100%        8


Dungeon Overview and Level Annotations

Branches:
Dungeon (2/15)

Altars:

Shops:
D:1 [


Innate Abilities, Weirdness & Mutations

You are something dangerously unstable.
You glow with magical radiation, making you easy to see and hit.
Foes you strike become dangerously contaminated with magical radiation.
Your maximum health is decreased, since you lack skill for your form.
You are incapable of wielding weapons or throwing items.
((You are very nimble when in or above water. (Stealth+, EV+, Speed+++)))
Your lower body shifts to a powerful aquatic tail in water.


Message History

The gnoll shudders as magic cascades through it!
You kill the gnoll!
The gnoll hits you from afar with a +0 spear.
The gnoll misses you.
Things that are here:
a +0 whip; a gnoll corpse You hit the gnoll but do no damage.
The gnoll begins to glow.
The gnoll closely misses you.
You hit the gnoll.
The gnoll glows dangerously bright.
The gnoll is moderately wounded.
The gnoll closely misses you.
You hit the gnoll but do no damage.
The gnoll shudders as magic cascades through it.
The gnoll twists and deforms.
The gnoll is heavily wounded.
The gnoll closely misses you.
You hit the gnoll.
The gnoll begins to glow.
The gnoll is almost dead.
The gnoll hits you with a +0 spear.
You hit the gnoll.
You kill the gnoll!
You hit the ribbon worm.
The ribbon worm begins to glow.
The ribbon worm is lightly wounded.
You hit the ribbon worm.
The ribbon worm glows dangerously bright.
The ribbon worm is lightly wounded.
The ribbon worm bites you!
You are too injured to fight recklessly!
You are too injured to fight recklessly!
You are too injured to fight recklessly!
You hit the ribbon worm.
The ribbon worm shudders as magic cascades through it.
The ribbon worm twists and deforms.
The ribbon worm is moderately wounded.
The ribbon worm bites you.
* * * LOW HITPOINT WARNING * * *
You hit the ribbon worm.
The ribbon worm begins to glow.
The ribbon worm is heavily wounded.
The ribbon worm bites you.
You die...

#[# #.##.# #.# #.##.#
####.#####.##.#
........##.##.########
.###.##.##.##.........
#.##.##.#...######
#.##.##......#
#.......#...####
####.##......p.#
#........##w#
####.##.###.# #.##+#
#.# #.# #.# #.. ..#
#.. .g## ... g...


You could see a ribbon worm (contam, misshapen).

Vanquished Creatures
  2 gnolls (D:4)
  2 adders (D:2)
  A ribbon worm (D:2)
  A dart slug (D:2)
  9 endoplasms
  7 goblins
  4 hobgoblins
  2 jackals (D:1)
  6 kobolds (D:1)
  3 quokkas
  3 ball pythons (D:1)
  9 bats
  7 rats
56 creatures vanquished.

Notes
Turn   | Place    | Note
-------+----------+-------------------------------------------
     0 | D:1      | grandjackal the Merfolk Shapeshifter began the quest for
                  | the Orb.
     0 | D:1      | Reached XP level 1. HP: 15/15 MP: 1/1
    85 | D:1      | Reached XP level 2. HP: 14/21 MP: 2/2
   125 | D:1      | Found Suila's Antique Armour Shop.
   441 | D:1      | Reached XP level 3. HP: 27/27 MP: 3/3
  1380 | D:2      | Reached XP level 4. HP: 26/33 MP: 4/4
  1701 | D:2      | You fall into a shaft and drop 2 floors!
  1752 | D:4      | Slain by a ribbon worm

Illustrated notes

Levels and vault maps discovered:
D:1:      dpeg_arrival_signposts, layout_basic, serial_shops, shop,
          nicolae_figureground_sparkle
D:2:      layout_basic, st_stairs_1, minmay_tetromino_i2, uniq_robin
D:4:      minmay_thinvault, layout_loops_corners,
          mainiacjoe_overflow_small_starburst, chequers_serial_rivers_micro_e

Skill      XL: |  1  2  3  4 |
---------------+-------------+-----
Dodging        | 3 |  3.9
Fighting       | 2 |  2.5
Unarmed Combat | 4 |  4.1
Shapeshifting  | |  4.8

Action                     |  1- 3 |  4- 6 || total
---------------------------+-------+-------++-------
  Melee: Unarmed           |   101 |    47 ||   148
         Punch             |     1 |       ||     1
 Armour: Animal skin       |    42 |    21 ||    63
         Skin              |       |     6 ||     6
  Dodge: Dodged            |    71 |    30 ||   101
   Form: Flux              |       |     1 ||     1

Table legend: (Time is in decaauts)
 A = Elapsed time spent in this place.
 B = Non-inter-level travel time spent in this place.
 C = Inter-level travel time spent in this place.
 D = Time resting spent in this place.
 E = Time spent auto-exploring this place.
 F = Levels seen in this place.
 G = Mean time per level.
                   A        B        C        D        E       F      G
               +--------+--------+--------+--------+--------+-----+--------+
         Total |   1740 |   1676 |     64 |    137 |   1199 |   3 |  580.0 |
       Dungeon |   1740 |   1676 |     64 |    137 |   1199 |   3 |  580.0 |
               +--------+--------+--------+--------+--------+-----+--------+

Top non-repeatable levels by time:
     D:1: 1193 daAuts
     D:2: 497 daAuts
     D:4: 49 daAuts
